 Dungeon Crawl Stone Soup version 0.30-a0-722-g3e6e8c874d (webtiles) character file.

Game seed: 15984047118341716690

1075 Shayle the Sneak (level 8, -4/48 HPs)
             Began as a Tengu Brigand on Jan 27, 2023.
             Was an Initiate of Ashenzari.
             Killed from afar by an orc wizard (6 damage)
             ... with a puff of flame
             ... on level 5 of the Dungeon.
             The game lasted 00:15:42 (4764 turns).

Shayle the Sneak (Tengu Brigand)                    Turns: 4764, Time: 00:15:43

Health: -4/48      AC:  4    Str: 12    XL:     8   Next: 29%
Magic:  14/14      EV: 18    Int: 14    God:    Ashenzari [......]
Gold:   292        SH:  0    Dex: 21    Spells: 14/14 levels left

rFire   . . .      SeeInvis .    w - +2 battleaxe (venom)
rCold   . . .      Faith    .    (shield currently unavailable)
rNeg    . . .      Spirit   .    b - +0 robe
rPois   .          Reflect  .    (helmet restricted)
rElec   .          Harm     .    c - +1 cloak
rCorr   .          Rampage  .    (no gloves)
Will    .....                    (boots unavailable)
Stlth   ++++                     (no amulet)
HPRegen 0.28/turn                h - +6 ring of dexterity
MPRegen 0.14/turn                (no ring)

@: attractive, flying quickly and evasively, quick
A: beak, talons 3, nimble flight
a: Renounce Religion


You were on level 5 of the Dungeon.
You worshipped Ashenzari.
Ashenzari was noncommittal.
You visited 1 branch of the dungeon, and saw 5 of its levels.
You also visited: Ossuary.

You collected 292 gold pieces.

Inventory:

Hand Weapons
 a - a +2 dagger
 w - a +2 battleaxe of venom (weapon)
Missiles
 d - 19 poisoned darts (quivered)
 e - 6 curare-tipped darts
 v - 3 throwing nets
Armour
 b - a +0 robe (worn)
 c - a +1 cloak (worn)
Jewellery
 h - a +6 ring of dexterity (left hand)
Scrolls
 f - a scroll of magic mapping
 q - 3 scrolls of fog
 r - 2 scrolls of teleportation
 t - a scroll of noise
 u - a scroll of vulnerability
Potions
 g - 2 potions of berserk rage {unknown}
 i - 2 potions of degeneration
 j - 2 potions of cancellation
 k - 2 potions of ambrosia
 l - 4 potions of might
 m - 2 potions of flight
 n - a potion of heal wounds {unknown}
 o - a potion of mutation {unknown}
 p - 2 potions of brilliance
 s - 2 potions of haste {unknown}
 x - a potion of attraction
 z - a potion of lignification
 A - a potion of magic {unknown}


   Skills:
 + Level 4.5 Fighting
 - Level 2.1 Short Blades
 + Level 4.5 Throwing
 + Level 4.5 Dodging
 + Level 6.2 Stealth
 + Level 3.6 Spellcasting


You had 14 spell levels left.
You didn't know any spells.
Your spell library contained the following spells:

 Spells                   Type           Power      Damage    Failure   Level
 Sandblast                Erth           4%         2d4       21%         1
 Passwall                 Tmut/Erth      1%         N/A       30%         2
 Stone Arrow              Conj/Erth      4%         3d7       52%         3
 Summon Forest            Summ/Tloc      1%         N/A       99%         5
 Summon Mana Viper        Hex/Summ       2%         N/A       99%         5
 Summon Cactus Giant      Summ           1%         N/A       100%        6


Dungeon Overview and Level Annotations

Branches:
Dungeon (5/15)            Ossuary (visited)
 Temple: D:4-7

Altars:
Ashenzari
Dithmenos
Fedhas
Kikubaaqudgha
Makhleb
Okawaru
Vehumet

Annotations:
D:3 2 runed translucent doors, Robin; sircluck's ghost, amateur MeFi


Innate Abilities, Weirdness & Mutations

You have a beak for a mouth.
You have claws for feet.
Your magical nature lets you fly swiftly and evasively.


Message History

You bump into the rock wall.
The gnoll misses you. The orc closely misses you.
Something hits you but does no damage.
A gnoll comes into view. It is wielding a +0 flail.
You feel less confused. The orc barely misses you.
The orc hits you with a +0 whip. The gnoll hits you with a +3 spear.
You hear some strange, mumbled words.
Something tries to affect you, but you resist.
The gnoll shouts!
You slash the gnoll!
The gnoll is almost dead.
You slash the orc!
You kill the orc!
You barely miss the orc. You miss something.
A scorpion comes into view.
The orc barely misses you. The gnoll closely misses you. Something hits you.
The orc barely misses you. The gnoll hits you with a +3 spear!
The gnoll completely misses you.
You hear some strange, mumbled words.
A puff of flame appears from out of thin air!
The puff of flame misses you.
The scorpion moves out of view.
You closely miss something. Your kick misses something. You peck something.
You hit the gnoll.
You kill the gnoll!
You closely miss the orc. You completely miss the gnoll.
The orc hits you with a +0 whip. Something hits you but does no damage.
The gnoll hits you but does no damage. The gnoll hits you with a +0 flail.
The orc hits you with a +0 whip. Something hits you.
It was a potion of attraction.
You feel attractive to monsters. The gnoll hits you with a +0 flail!
* * * LOW HITPOINT WARNING * * *
The orc hits you with a +0 whip.
* * * LOW HITPOINT WARNING * * *
The gnoll hits you with a +0 flail!
* * * LOW HITPOINT WARNING * * *
You hear some strange, mumbled words.
A puff of flame appears from out of thin air!
The puff of flame hits you.
You die...

..###..o...##..####
...........#..## #..
.......>....## ..
#...##.....## #.##
##..# ##....# . #..#
#...# ###..## $#
#..###..)###....##
..#
#..#...ggo...#..##
...
##.g....#@{..###..##
#..##
##....####....#
###.## #...###.....#
##..## ##.#####
#...#......# ##.##
##.....#
###....###..# #..#
#.....## #.....##
#.## #..# ##...###
.....†## #.# #.##
##...## .......#
#.#####.# ##.####
#......# #.......#
#.##


You could see 2 gnolls and an orc.

Vanquished Creatures
  Sigmund (D:3)
  4 elf zombies (Ossuary)
  A scorpion (D:5)
  5 centaur zombies (Ossuary)
  A hound (D:5)
  2 human zombies (Ossuary)
  A hound zombie (Ossuary)
  3 mummies (Ossuary)
  5 gnolls
  8 adders
  4 adder zombies (Ossuary)
  A worm (D:4)
  3 dart slugs
  11 orcs
  6 ball pythons
  4 bats (D:1)
  9 endoplasms
  4 giant cockroaches
  A gnoll zombie (Ossuary)
  12 goblins
  12 hobgoblins
  2 jackals (D:2)
  4 quokkas
  5 frilled lizards
  A goblin zombie (Ossuary)
  3 hobgoblin zombies (Ossuary)
  4 jackal zombies (Ossuary)
  11 kobolds
  2 kobold zombies (Ossuary)
  An orc zombie (Ossuary)
  4 quokka zombies (Ossuary)
  6 rats
  3 rat zombies (Ossuary)
144 creatures vanquished.

Vanquished Creatures (others)
  A plant (D:4)
1 creature vanquished.

Grand Total: 145 creatures vanquished

Notes
Turn   | Place    | Note
-------+----------+-------------------------------------------
     0 | D:1      | Shayle the Tengu Brigand began the quest for the Orb.
     0 | D:1      | Reached XP level 1. HP: 12/12 MP: 2/2
   107 | D:1      | Reached XP level 2. HP: 5/17 MP: 3/3
   556 | D:1      | Reached XP level 3. HP: 21/21 MP: 5/5
   818 | D:1      | Reached skill level 1 in Spellcasting
  1031 | D:2      | Found a faded altar of an unknown god.
  1149 | D:2      | Reached XP level 4. HP: 25/27 MP: 6/6
  1362 | D:2      | Identified the +1 robe "Tiorch" {Fly}
  1674 | D:3      | Noticed Sigmund
  1743 | D:3      | Found a runed translucent door.
  1750 | D:3      | Noticed sircluck's ghost (amateur MeFi)
  1847 | D:3      | Killed Sigmund
  1848 | D:3      | Reached skill level 5 in Stealth
  1848 | D:3      | Gained mutation: Your magical nature lets you fly swiftly
                  | and evasively. [Tengu growth]
  1848 | D:3      | Reached XP level 5. HP: 32/32 MP: 7/9
  1848 | D:3      | Reached XP level 6. HP: 37/37 MP: 7/10
  1951 | D:3      | Noticed Robin
  2154 | D:3      | Found a runed translucent door.
  2452 | D:4      | Found a sand-covered staircase.
  2462 | Ossuary  | Entered an ossuary
  2688 | Ossuary  | Reached XP level 7. HP: 26/42 MP: 10/12
  3282 | Ossuary  | Reached XP level 8. HP: 31/48 MP: 12/14
  3664 | D:4      | Reached skill level 6 in Stealth
  3829 | D:4      | Found an ancient bone altar of Kikubaaqudgha.
  3834 | D:4      | Found an iron altar of Okawaru.
  3835 | D:4      | Found a blossoming altar of Fedhas.
  3837 | D:4      | Found a burning altar of Makhleb.
  3837 | D:4      | Found a radiant altar of Vehumet.
  3838 | D:4      | Found a broken altar of Ashenzari.
  3840 | D:4      | Found a shadowy altar of Dithmenos.
  3854 | D:4      | Became a worshipper of Ashenzari the Shackled
  4635 | D:5      | Entered Level 5 of the Dungeon
  4764 | D:5      | HP: 2/48 [gnoll/+0 flail (9)]
  4764 | D:5      | Killed from afar by an orc wizard

Illustrated notes

Levels and vault maps discovered:
D:1:      dpeg_arrival_subterranean_lakeside_camping, layout_basic,
          grunt_decor_mini_mirrors, amethyst_killhole, kennysheep_minor_cross
D:2:      layout_basic, nicolae_ecumenical_oubliette
D:3:      layout_loops_cross, ebering_ghost_sewer_f, nicolae_half_adder,
          uniq_sigmund, uniq_robin
D:4:      corexii_shantytown, layout_basic,
          nicolae_overflow_hallway_of_the_gods, nicolae_ossuary_entry_ruins,
          minmay_three_crescents
D:5:      layout_layer_cave, minmay_temple_entry_mist, grunt_decor_resistance

Skill      XL: |  1  2  3  4  5  6  7  8 |
---------------+-------------------------+-----
Spellcasting   | 1 2 3 |  3.6
Dodging        | 2 3 4 |  4.5
Fighting       | 3 4 |  4.5
Throwing       | 3 4 |  4.5
Stealth        | 5 6 |  6.2
Short Blades   | |  2.1

Action                     |  1- 3 |  4- 6 |  7- 9 || total
---------------------------+-------+-------+-------++-------
  Melee: Dagger            |    64 |   122 |   133 ||   319
         Peck              |     6 |    20 |    48 ||    74
         Kick              |    14 |    39 |    56 ||   109
         Punch             |       |       |     2 ||     2
         Battleaxe         |       |       |    55 ||    55
  Throw: Dart              |       |    13 |       ||    13
    Use: Scroll            |     2 |     5 |     6 ||    13
         Potion            |       |     2 |     1 ||     3
   Stab: Sleeping          |    13 |     7 |    16 ||    36
         Distracted        |       |     1 |       ||     1
 Armour: Robe              |     6 |    11 |    34 ||    51
         Skin              |       |     4 |       ||     4
  Dodge: Dodged            |    34 |    63 |   153 ||   250

Table legend: (Time is in decaauts)
 A = Elapsed time spent in this place.
 B = Non-inter-level travel time spent in this place.
 C = Inter-level travel time spent in this place.
 D = Time resting spent in this place.
 E = Time spent auto-exploring this place.
 F = Levels seen in this place.
 G = Mean time per level.
                   A        B        C        D        E       F      G
               +--------+--------+--------+--------+--------+-----+--------+
         Total |   4585 |   4496 |     89 |    489 |   2429 |   6 |  764.2 |
       Dungeon |   3714 |   3625 |     89 |    238 |   2293 |   5 |  742.8 |
       Ossuary |    871 |    871 |      0 |    251 |    135 |   1 |  871.0 |
               +--------+--------+--------+--------+--------+-----+--------+

Top non-repeatable levels by time:
     D:4: 1257 daAuts
     D:1: 975 daAuts
 Ossuary: 871 daAuts
     D:3: 825 daAuts
     D:2: 527 daAuts
     D:5: 128 daAuts
